 Dungeon Crawl Stone Soup version 0.30.1 (webtiles) character file.

Game seed: 9010531998326908096

36 Heoruswealwe the Insei (level 3, 0/42 HPs)
             Began as a Demigod Transmuter on July 10, 2023.
             Slain by a gnoll
             ... wielding a +0 halberd
              (9 damage)
             ... on level 2 of the Dungeon.
             The game lasted 00:10:05 (1059 turns).

Heoruswealwe the Insei (Demigod Transmuter)         Turns: 1059, Time: 00:10:06

Health: 0/42       AC: 21    Str: 11    XL:     3   Next: 5%
Magic:  8/8        EV:  2    Int: 15    God:
Gold:   40         SH:  0    Dex: 18    Spells: 5/6 levels left

rFire   . .          .
                       - Unarmed
rCold   . . .        (no shield)
rNeg    . . .        c - melded +0 robe
rPois   +            (helmet currently unavailable)
rElec   .            (cloak currently unavailable)
rCorr   .            (gloves currently unavailable)
SInv    .            (boots currently unavailable)
Will    .....        (no amulet)
Stlth   ++           k - +5 ring of evasion
HPRegen 0.27/turn    (no ring)
MPRegen 0.11/turn

%: no passive effects
@: tree-form
A: stationary, stasis, torment immunity, boosted hp, high MP 1, forlorn, divine
attributes
a: no special abilities


You were on level 2 of the Dungeon.
You were a tree.
You visited 1 branch of the dungeon, and saw 2 of its levels.

You collected 40 gold pieces.

Inventory:

Armour
 c - a +0 robe (melded)
Jewellery
 k - a +5 ring of evasion (left branch)
Scrolls
 a - a scroll of enchant weapon {unknown}
 e - a scroll of poison {unknown}
Potions
 d - a potion of resistance {unknown}
 f - a potion of curing {unknown}


   Skills:
 + Level 1.4 Fighting
 + Level 2.1 Dodging
 + Level 3.0 Unarmed Combat
 + Level 2.1 Spellcasting
 + Level 2.1 Transmutations


You had 5 spell levels left.
You knew the following spells:

 Your Spells              Type           Power      Damage    Failure   Level
a - Beastly Appendage     Tmut           16%        N/A       9%          1

Your spell library contained the following spells:

 Spells                   Type           Power      Damage    Failure   Level
 Wereblood                Tmut           8%         N/A       14%         2
 Spider Form              Tmut/Pois      4%         N/A       38%         3
 Ice Form                 Ice/Tmut       4%         N/A       80%         4


Dungeon Overview and Level Annotations

Branches:
Dungeon (2/15)


Innate Abilities, Weirdness & Mutations

You are a tree.
Your roots penetrate the ground, keeping you stationary.
You cannot be teleported.
You are immune to unholy pain and torment.
Your maximum health is greatly increased.
Your equipment is partially melded.
You have an increased reservoir of magic. (+10% MP)
You shall have no god before yourself.
Your divine heritage dramatically boosts your attributes as you level up.


Message History

You kill the frilled lizard!
Found a hide-covered altar of Uskayaw.
Found a rapier.
Found 14 gold pieces.
A ball python comes into view.
You see here 14 gold pieces.
You now have 40 gold pieces (gained 14).
You hit the ball python.
You kill the ball python!
A ball python comes into view.
The ball python hisses angrily.
You hit the ball python.
You kill the ball python!
You see here a ball python corpse.
Found 3 stones.
You see here a +0 rapier.
You see here 3 stones.
A gnoll comes into view. It is wielding a +0 spear.
The gnoll shouts!
You hear a shout! 2 gnolls come into view.
The gnoll shouts!
You hear a shout!
A gnoll comes into view. It is wielding a +0 spear.
The gnoll moves out of view.
The gnoll hits you with a +0 spear.
You barely miss the gnoll. The gnoll hits you with a +0 spear!
You hit the gnoll.
The gnoll is lightly wounded.
The gnoll barely misses you. The gnoll closely misses you.
The gnoll hits you with a +0 spear.
You closely miss the gnoll.
The gnoll is lightly wounded.
The gnoll shouts!
The gnoll hits you from afar with a +0 spear!
* * * LOW HITPOINT WARNING * * *
The gnoll completely misses you. The gnoll barely misses you.
Really quaff the potion of lignification?
You turn into a tree.
Your +0 robe melds into your body.
Your roots penetrate the ground.
The gnoll hits you but does no damage.
The gnoll hits you from afar with a +0 halberd!
You die...

#.#########################)....
#.##....................# #...##
#.##'##################.# #...#
#.#....# #.# #...##
#.#....################.###....#
#.#>.....................##..###
#.#....########.#######..##[..#
#...)...## #.# #..######
#####....# #♣# #..####
#..#.######g#######.....###
#..#.......gg...g..........
#..#####...g.....g.........
#####..#####.._...######.######
#...........†.....# ...
#.........#.......# ###..
#.........#####...# ..
#.........# #.#)# .


You could see 4 gnolls.

Vanquished Creatures
  A dart slug (D:1)
  5 ball pythons
  2 endoplasms
  6 goblins
  A hobgoblin (D:1)
  3 jackals (D:1)
  A quokka (D:1)
  4 bats (D:1)
  4 frilled lizards
  4 kobolds
  A rat (D:1)
32 creatures vanquished.

Notes
Turn   | Place    | Note
-------+----------+-------------------------------------------
     0 | D:1      | Heoruswealwe the Demigod Transmuter began the quest for the
                  | Orb.
     0 | D:1      | Reached XP level 1. HP: 15/15 MP: 5/5
    43 | D:1      | Reached skill level 1 in Fighting
   156 | D:1      | Reached XP level 2. HP: 23/23 MP: 7/7
   629 | D:1      | Reached skill level 3 in Unarmed Combat
   967 | D:2      | Reached XP level 3. HP: 28/28 MP: 8/8
  1059 | D:2      | Slain by a gnoll

Illustrated notes

Levels and vault maps discovered:
D:1:      co_arrival_square_in_a_square_in_a_square, layout_loops_ring
D:2:      kennysheep_the_goblin_king, layout_basic, basic_altar,
          chequers_serial_rivers_large_b

Skill      XL: |  1  2 |
---------------+-------+-----
Fighting       | 1 |  1.4
Dodging        | 2 |  2.1
Transmutations | 2 |  2.1
Spellcasting   | 2 |  2.1
Unarmed Combat | 3 |  3.0

Action                     || total
---------------------------++-------
  Melee: Unarmed           ||   100
    Use: Potion            ||     1
 Armour: Robe              ||    14
         Skin              ||     1
  Dodge: Dodged            ||    64
